Map: Polka LE

Players

qqq - Winner!

  • Race: Zerg Zerg
  • Spawn Location: 5:00

Massa - Winner!

  • Race: Terran Terran
  • League: Platinum
  • Spawn Location: 5:00

WarHead

  • Race: Zerg Zerg
  • Spawn Location: 11:00

Slevin

  • Race: Protoss Protoss
  • Spawn Location: 11:00

VOD

Have the link to the VOD?

Description

Time

  • Played on: March 29, 2021, 11:25 a.m.
  • Length: 5:06
Show
View Real Time Build Order
Export as new Build Order

qqq Zerg - Winner!

Build Orders: Hatch First 

Get SALT Encoding   

  12  0:06  Drone  
  13  0:13  Drone  
  14  0:27  Overlord  
  14  0:48  Hatchery  
  13  0:55  Drone  
  13  0:56  Drone  
  13  0:57  Drone  
  16  1:29  Extractor, Drone x2, Spawning Pool  
  16  1:30  Drone  
  17  1:44  Drone  
  18  1:58  Drone  
  19  2:02  Drone  
  20  2:08  Drone  
  20  2:13  Drone  
  20  2:14  Drone  
  23  2:16  Queen x2  
  23  2:22  Overlord  
  27  2:29  Drone  
  28  2:35  Overlord  
  28  2:39  Metabolic Boost  
  28  2:42  Zergling x2  
  28  2:43  Zergling x2  
  30  2:51  Evolution Chamber  
  29  2:53  Drone  
  30  2:58  Drone x2  
  32  3:06  Zergling x2  
  32  3:09  Zergling x2  
  34  3:19  Overlord  
  34  3:20  Zergling x2  
  34  3:25  Zergling x6  
  38  3:28  Zergling x2  
  38  3:29  Zergling x6  
  38  3:32  Zergling x2  
  43  3:38  Zergling x2  
  45  3:41  Zergling x2  
  45  3:50  Zergling x2  
  45  3:55  Zergling x2  
  46  4:08  Zergling x4  
  48  4:11  Zergling x2  
  49  4:17  Drone  
  49  4:29  Hatchery  
  49  4:31  Zergling x4  
  46  4:41  Zergling x4  
  46  4:47  Zergling x8  
  46  4:48  Drone, Zergling x2, Overlord  
Show
View Real Time Build Order
Export as new Build Order

Massa Terran - Winner!

Build Orders:  

Get SALT Encoding   

  12  0:01  SCV  
  13  0:13  SCV  
  14  0:24  Supply Depot  
  14  0:25  SCV  
  15  0:41  Refinery  
  15  0:46  SCV  
  15  0:47  Barracks  
  16  0:58  SCV  
  17  1:10  SCV  
  18  1:22  SCV  
  19  1:34  SCV  
  20  1:40  Marine  
  20  1:46  Orbital Command  
  21  1:50  Command Center  
  21  2:04  Barracks Reactor  
  21  2:12  Supply Depot  
  21  2:16  SCV  
  21  2:19  Factory  
  22  2:28  SCV  
  23  2:41  SCV, Marine x2  
  26  2:48  Refinery  
  26  2:58  SCV  
  27  2:59  Marine x2  
  27  3:01  Orbital Command  
  29  3:06  Starport, Hellion  
  29  3:10  SCV  
  32  3:17  Marine x2  
  34  3:22  SCV  
  35  3:28  SCV  
  36  3:43  Hellion x2  
  36  3:47  Barracks Tech Lab  
  40  3:55  SCV x2  
  42  4:01  Engineering Bay  
  42  4:04  Hellion x2  
  46  4:13  Supply Depot x2  
  46  4:14  Supply Depot  
  46  4:15  Supply Depot  
  46  4:21  Barracks Tech Lab  
  46  4:23  Supply Depot  
  46  4:29  SCV x2  
  46  4:31  Hellion  
  46  4:35  Hellion  
Show
View Real Time Build Order
Export as new Build Order

WarHead Zerg 

Build Orders: Hatch First 

Get SALT Encoding   

  12  0:08  Overlord  
  12  0:13  Drone  
  13  0:24  Drone  
  13  0:26  Drone  
  15  0:47  Hatchery  
  14  0:50  Drone  
  14  0:54  Drone  
  16  1:09  Spawning Pool  
  15  1:12  Drone  
  15  1:16  Drone  
  17  1:20  Extractor  
  17  1:21  Drone  
  18  1:25  Drone  
  18  1:35  Drone  
  19  1:46  Overlord  
  19  1:55  Queen  
  19  1:57  Drone  
  19  2:00  Extractor  
  21  2:02  Queen  
  21  2:05  Drone  
  24  2:09  Drone  
  24  2:12  Drone  
  26  2:17  Drone  
  26  2:21  Metabolic Boost  
  27  2:28  Drone  
  28  2:34  Drone x2  
  30  2:40  Overlord  
  30  2:42  Drone  
  31  2:53  Drone, Baneling Nest  
  31  2:55  Drone  
  32  3:00  Drone  
  34  3:05  Zergling x2  
  34  3:06  Zergling x2  
  34  3:07  Zergling x2  
  34  3:09  Zergling x2  
  34  3:10  Zergling x2  
  34  3:12  Zergling x2  
  39  3:14  Zergling x2  
  39  3:16  Zergling x2  
  41  3:21  Overlord  
  41  3:25  Zergling x2  
  42  3:27  Zergling x2  
  43  3:35  Zergling x2  
  43  3:39  Spore Crawler  
  43  3:40  Drone x3  
  46  3:42  Overlord  
  47  3:48  Drone x2  
  47  3:50  Drone  
  47  4:08  Zergling x8  
  49  4:14  Baneling x2  
  49  4:17  Zergling x10  
  51  4:31  Zergling x8  
  46  4:39  Zergling x2  
  46  4:44  Zergling x8  
Show
View Real Time Build Order
Export as new Build Order

Slevin Protoss 

Build Orders: Blink Stalkers 

Get SALT Encoding   

  12  0:00  Probe  
  13  0:12  Probe  
  14  0:21  Pylon  
  14  0:24  Probe  
  15  0:39  Probe (Chrono Boost)  
  16  0:44  Gateway  
  16  0:49  Probe (Chrono Boost)  
  17  0:51  Assimilator  
  17  0:54  Probe (Chrono Boost)  
  18  1:06  Probe  
  19  1:16  Assimilator  
  19  1:18  Probe  
  20  1:30  Probe  
  21  1:34  Cybernetics Core  
  21  1:40  Gateway  
  21  1:42  Probe  
  21  1:43  Pylon  
  22  1:54  Probe  
  22  1:57  Gateway  
  23  2:05  Pylon  
  24  2:10  Stalker (Chrono Boost)  
  25  2:20  Twilight Council  
  27  2:35  Stalker (Chrono Boost)  
  27  2:55  Nexus  
  27  3:02  Blink (Chrono Boost)  
  27  3:05  Warp Gate (Chrono Boost)  
  27  3:19  Stalker  
  29  3:22  Sentry  
  31  3:34  Robotics Facility  
  31  3:42  Stalker  
  33  3:51  Probe  
  34  4:03  Probe  
  31  4:12  Zealot (Chrono Boost)  
  31  4:15  Probe  
  34  4:24  Observer  
  35  4:28  Probe  
  32  4:40  Zealot, Stalker x2  
  32  4:44  Probe x2  
Tags
 
Add a new tag
Caveats
  • Supply blocks, unpowered buildings, or Contaminate may cause inaccurate times.
  • Supply counts are checked every 10 seconds.